 Dungeon Crawl Stone Soup version 0.26-a0-1176-g060ceda6a5 (webtiles) character file.

Game seed: 14908061790176832638

13 Armakuni the Caller (level 2, -3/23 HPs)
             Began as a Human Wanderer on Dec 25, 2020.
             Shot themself with a bolt of poison (5 damage)
             ... on level 1 of the Dungeon.
             The game lasted 00:03:19 (957 turns).

Armakuni the Caller (Human Wanderer)                 Turns: 957, Time: 00:03:19

Health: -3/23      AC:  2    Str: 12    XL:     2   Next: 50%
Magic:  3/3        EV: 11    Int: 12    God:
Gold:   30         SH:  0    Dex: 12    Spells: 3/3 levels left

rFire    . . .     SeeInvis .   a - +0 shortbow
rCold    . . .     Faith    .   (shield currently unavailable)
rNeg     . . .     Spirit   .   e - +0 robe
rPois    .         Reflect  .   (no helmet)
rElec    .         Harm     .   (no cloak)
rCorr    .         Rampage  .   (no gloves)
Will     .....                  (no boots)
Stlth    ++........             (no amulet)
HPRegen  0.07/turn              (no ring)
MPRegen  0.08/turn              (no ring)

@: lethally poisoned (-3 -> -16)
A: no striking features
a: no special abilities


You were on level 1 of the Dungeon.
You visited 1 branch of the dungeon, and saw 2 of its levels.

You collected 30 gold pieces.

Inventory:

Hand Weapons
 a - a +0 shortbow (weapon)
 b - a +0 spear
Missiles
 c - 14 arrows (quivered ammo)
Armour
 d - a +0 kite shield
 e - a +0 robe (worn)
 i - a +0 ring mail
Jewellery
 F - an uncursed ring of fire
Wands
 f - a wand of random effects (6)
Scrolls
 g - a scroll of identify


   Skills:
 + Level 2.3 Fighting
 - Level 2.0 Armour
 - Level 1.0 Stealth
 - Level 1.0 Shields
 - Level 1.0 Spellcasting
 - Level 1.0 Hexes
 - Level 3.0 Summonings


You had 3 spell levels left.
You didn't know any spells.
Your spell library contained the following spells:

 Spells                   Type           Power        Failure   Level
 Call Imp                 Summ           7%           13%         2
 Magic Dart               Conj           0%           30%         1
 Slow                     Hex            3%           30%         2
 Blink                    Tloc           N/A          41%         2
 Conjure Flame            Conj/Fire      0%           65%         3
 Mephitic Cloud           Conj/Pois/Air  0%           65%         3


Dungeon Overview and Level Annotations

Branches:
Dungeon (2/15)

Altars:
Xom


Message History

* * * LOW HITPOINT WARNING * * *
You feel sick.
There is a stone staircase leading up here.
You climb upwards.
* * * LOW HITPOINT WARNING * * *
You feel sick.
There is a stone staircase leading down here.
* * * LOW HITPOINT WARNING * * *
You feel sick.
* * * LOW HITPOINT WARNING * * *
You feel sick.
Okay, then.
Evoke which item? (* to show all) (? for menu, Esc to quit)
Aiming: Random Effects
Press: ? - help, Shift-Dir - straight line, f - you You can't see any targets that would be affected.
That beam is likely to hit you.
Continue anyway?
The bolt of poison hits you.
You are more poisoned.
You die...

......###.##.........>..#####)#
........#.........##.##.# #.#
................=....##.# #.#
......#.#####......####.# #(#
......#.# ##.###.####.# #.#
......#.# #.#........# #.#
......#.#### #.#.#.###### #.#
.##..##....###....(# #.#
####.##.#...####@### #.# #
#..............# #.#
#####..#.......#..##### #.#
......###.....###.....# #.#
####...#....(..#..###.# #.#
##.............# #.# ####.#
#......#>.....###.####....#
#.....###...........##.####
#.....<#.............#.#


There were no monsters in sight!

Vanquished Creatures
  An orc (D:2)
  4 bats
  2 hobgoblins
  4 frilled lizards
  A kobold (D:1)
  A rat (D:2)
13 creatures vanquished.

Notes
Turn   | Place    | Note
-------+----------+-------------------------------------------
     0 | D:1      | Armakuni the Human Wanderer began the quest for the Orb.
     0 | D:1      | Armakuni set off with the following items: a +0 shortbow,
                  | 24 arrows, a +0 kite shield, a +0 robe; and the following
                  | spell memorised: Magic Dart; and the following spells
                  | available to memorise: Call Imp, Slow, Blink, Conjure
                  | Flame, Mephitic Cloud
     0 | D:1      | Reached XP level 1. HP: 15/15 MP: 2/2
   379 | D:1      | You fall into a shaft and drop 1 floor!
   424 | D:2      | Reached XP level 2. HP: 15/22 MP: 3/3
   530 | D:2      | Found a shimmering altar of Xom.
   879 | D:2      | Found a faded altar of an unknown god.
   957 | D:1      | Shot themself with a bolt of poison

Illustrated notes

Levels and vault maps discovered:
D:1:      minmay_arrival_five_plusses, layout_loops_ring
D:2:      minmay_spotlight, layout_basic, xom_butterflies,
          chequers_ecumenical_altar_simple, nrook_loot_triangle, minivault_4

Skill      XL: |  1  2 |
---------------+-------+-----
Fighting       | 2 |  2.3
Armour         | |  2.0
Stealth        | |  1.0
Shields        | |  1.0
Spellcasting   | |  1.0
Hexes          | |  1.0
Summonings     | |  3.0

Action                   || total
-------------------------++-------
 Fire: Shortbow          ||    42
  Use: Scroll            ||     7
Armor: Robe              ||     3
Dodge: Dodged            ||    21

Table legend: (Time is in decaauts)
 A = Elapsed time spent in this place.
 B = Non-inter-level travel time spent in this place.
 C = Inter-level travel time spent in this place.
 D = Time resting spent in this place.
 E = Time spent auto-exploring this place.
 F = Levels seen in this place.
 G = Mean time per level.
                   A        B        C        D        E       F      G
               +--------+--------+--------+--------+--------+-----+--------+
         Total |    967 |    925 |     42 |    140 |    442 |   2 |  483.5 |
       Dungeon |    967 |    925 |     42 |    140 |    442 |   2 |  483.5 |
               +--------+--------+--------+--------+--------+-----+--------+

Top non-repeatable levels by time:
     D:1: 641 daAuts
     D:2: 326 daAuts
